 Dungeon Crawl Stone Soup version 0.18.1-8-gdd0e5ea (console) character file.

469 Kloppie the Chopper (level 6, -11/84 HPs)
             Began as a Minotaur Berserker on June 12, 2016.
             Was a Priest of Trog.
             Mangled by a gnoll sergeant
             ... wielding a +0 trident of venom
              (13 damage)
             ... on level 4 of the Dungeon.
             The game lasted 00:03:54 (2632 turns).

Kloppie the Chopper (Minotaur Berserker)            Turns: 2632, Time: 00:03:54

Health: -11/84     AC:  6    Str: 27    XL:     6   Next: 82%
Magic:  5/5        EV: 11    Int:  4    God:    Trog [***...]
Gold:   168        SH:  0    Dex: 11    Spells: 0 memorised, 5 levels left

rFire  . . .     SeeInvis .     a - +0 war axe
rCold  + . .     Gourm    .     t - +0 ring mail {rC+}
rNeg   . . .     Faith    .     (no shield)
rPois  .         Spirit   .     (helmet restricted)
rElec  .         Dismiss  .     (no cloak)
rCorr  .         Reflect  .     (no gloves)
SustAt .         Harm     .     (no boots)
MR     ++...                    (no amulet)
Stlth  ..........               (no ring)
                                (no ring)

@: berserking, regenerating, very quick, very resistant to hostile enchantments,
extremely unstealthy
A: retaliatory headbutt, horns 2
a: Berserk, Trog's Hand, Burn Spellbooks, Renounce Religion


You were on level 4 of the Dungeon.
You worshipped Trog.
Trog was most pleased with you.
You were not hungry.

You visited 1 branch of the dungeon, and saw 4 of its levels.

You collected 168 gold pieces.

Inventory:

Hand Weapons
 a - a +0 war axe (weapon)
 E - a +0 hand axe
Armour
 t - a +0 ring mail of cold resistance (worn)
Jewellery
 f - an uncursed amulet of harm {unknown}
 j - an uncursed ring of sustain attributes {unknown}
 w - an uncursed ring of poison resistance {unknown}
Wands
 C - a wand of polymorph (14/24)
 D - a wand of flame (34/48)
Scrolls
 d - 2 scrolls of fog {unknown}
 e - 2 scrolls of remove curse {unknown}
 g - a scroll of magic mapping {unknown}
 i - a scroll of enchant armour {unknown}
 n - 3 scrolls of identify {unknown}
 o - 2 scrolls of enchant weapon {unknown}
 r - 2 scrolls of immolation {unknown}
 s - a scroll of teleportation {unknown}
 u - 3 scrolls of fear {unknown}
 y - a scroll of blinking {unknown}
 A - a scroll of noise {unknown}
Potions
 b - 2 potions of mutation {unknown}
 k - a potion of heal wounds {unknown}
 m - a potion of cancellation {unknown}
 p - a potion of lignification {unknown}
 q - 2 potions of curing {unknown}
 v - a potion of cure mutation {unknown}
 B - a potion of flight {unknown}
Comestibles
 c - 2 bread rations
 h - a royal jelly
 l - 2 meat rations
 x - a beef jerky
 z - 16 chunks of flesh


   Skills:
 + Level 5.4 Fighting
 * Level 7.0 Axes
 + Level 5.0 Armour
 - Level 2.1 Dodging


You had 5 spell levels left.
You didn't know any spells.

Dungeon Overview and Level Annotations

Branches:
Dungeon (4/15)
 Temple: D:4-7

Altars:
Pakellas


Innate Abilities, Weirdness & Mutations

You reflexively headbutt those who attack you in melee.
You have a pair of horns on your head.


Message History

You hit the gnoll.
The gnoll is heavily wounded.
The gnoll hits you from afar with a halberd!
* * * LOW HITPOINT WARNING * * *
The gnoll misses you. The gnoll hits you with a whip!
* * * LOW HITPOINT WARNING * * *
You slice the gnoll!!
You kill the gnoll!
Trog accepts your kill.
You barely miss the gnoll. You slash the gnoll!
You kill the gnoll!
Trog accepts your kill.
You barely miss the gnoll. The gnoll hits you but does no damage.
The gnoll hits you from afar with a halberd!
* * * LOW HITPOINT WARNING * * *
The gnoll closely misses you.
The gnoll hits you from afar with a spear.
* * * LOW HITPOINT WARNING * * *
The gnoll sergeant hits you from afar with a trident of venom!
You die...

#######++######
.......g.......
.....ggggg.....
....ggggggg....
....g.gggggg...
##@)##
#######....#
+.....'....+
#######....#
########''''####
................
≈≈≈≈≈≈≈≈....≈≈≈≈
≈≈≈≈≈≈≈≈....≈≈≈≈
≈≈≈≈≈≈≈≈....≈≈≈≈


You could see a gnoll sergeant, a gnoll shaman and 18 gnolls.

Vanquished Creatures
  An ogre (D:4)
  A hound (D:4)
  An orc priest (D:4)
  An orc wizard (D:4)
  Terence (D:2)
  Natasha (thrice) (D:3)
  6 gnolls (D:4)
  4 adders (D:2)
  An ooze (D:2)
  3 worms (D:3)
  2 dart slugs
  5 giant geckos
  7 orcs (D:4)
  2 ball pythons (D:2)
  8 bats
  A giant cockroach (D:4)
  7 goblins
  8 hobgoblins
  4 jackals (D:4)
  5 kobolds
  3 quokkas
  2 giant newts (D:2)
  7 rats
83 creatures vanquished.

Notes
Turn   | Place    | Note
--------------------------------------------------------------
     0 | D:1      | Kloppie the Minotaur Berserker began the quest for the Orb.
     0 | D:1      | Reached XP level 1. HP: 19/19 MP: 0/0
   201 | D:1      | Reached skill level 4 in Axes
   229 | D:1      | Reached XP level 2. HP: 27/27 MP: 1/1
   911 | D:2      | Reached XP level 3. HP: 31/33 MP: 2/2
   934 | D:2      | Reached ** piety under Trog
   994 | D:2      | Found a faded altar to an unknown god.
   995 | D:2      | Noticed Terence
  1002 | D:2      | Killed Terence
  1145 | D:2      | Reached skill level 5 in Axes
  1145 | D:2      | Reached XP level 4. HP: 40/40 MP: 3/3
  1263 | D:2      | Found an oddly glowing altar of Pakellas.
  1945 | D:3      | Noticed Natasha
  1950 | D:3      | Killed Natasha
  1950 | D:3      | Reached XP level 5. HP: 47/47 MP: 4/4
  2019 | D:3      | Noticed Natasha
  2024 | D:3      | Killed Natasha
  2144 | D:3      | Noticed Natasha
  2151 | D:3      | Killed Natasha
  2188 | D:3      | Reached *** piety under Trog
  2188 | D:3      | Reached skill level 6 in Axes
  2462 | D:4      | Noticed an ogre
  2470 | D:4      | Killed an ogre
  2470 | D:4      | Reached skill level 5 in Fighting
  2470 | D:4      | Reached XP level 6. HP: 56/56 MP: 5/5
  2603 | D:4      | Reached skill level 5 in Armour
  2630 | D:4      | Reached skill level 7 in Axes
  2632 | D:4      | HP: 2/84 [gnoll/spear (3)]
  2632 | D:4      | Mangled by a gnoll sergeant

Skill      XL: |  1  2  3  4  5  6 |
---------------+-------------------+-----
Axes           | 4 5 6 7 |  7.0
Fighting       | 4 5 |  5.4
Armour         | 3 4 5 |  5.0
Dodging        | |  2.1

Action                   |  1- 3 |  4- 6 || total
-------------------------+-------+-------++-------
Melee: Hand axe          |    54 |    94 ||   148
       Headbutt          |     6 |    20 ||    26
       Unarmed           |       |     1 ||     1
       War axe           |       |    22 ||    22
Invok: Berserk           |     1 |     3 ||     4
       Trog's Hand       |       |     1 ||     1
  Eat: Chunk             |     2 |     7 ||     9
Armor: Scale mail        |    19 |       ||    19
       Ring mail         |     1 |    35 ||    36
Dodge: Dodged            |    29 |    83 ||   112
